Match 27846888
Unlisted

Match 27846888
End
Kettenkrad Recon Vehicle
Construct Infanterie Kompanie
Selects Breakthrough Battlegroup
Selects Assault Grenadiers
Grenadier Squad
Grenadier Squad
Grenadier Squad
Grenadier Squad
Construct Panzergrenadier Kompanie
Pak 40 Anti-tank Gun Team
Pak 40 Anti-tank Gun Team
Selects Smoke Bombing Run
Selects Incendiary Bombing Run
Panzergrenadier Squad
Panzergrenadier Squad
Incendiary Bombing Run
Construct Panzer Kompanie
Sturmpanzer IV Brummbär
Selects Rapid Production
Selects Blitzkrieg
Septimum
bunkerbuster
Ruby
HulkSMASH
0
0

Comments sign in to comment!

No comments posted yet!